 Dungeon Crawl Stone Soup version 0.20-a0-251-g16a58bf (webtiles) character file.

18 feito the Grave Robber (level 2, 0/13 HPs)
             Began as a Vine Stalker Necromancer on Nov 30, 2016.
             Slain by an adder (1 damage)
             ... on level 1 of the Dungeon.
             The game lasted 00:03:48 (1188 turns).

feito the Grave Robber (Vine Stalker Necromancer)   Turns: 1188, Time: 00:03:48

Health: 0/13       AC:  2    Str: 10    XL:     2   Next: 66%
Magic:  0/6        EV: 12    Int: 15    God:
Gold:   61         SH:  0    Dex: 14    Spells: 3/5 levels left

rFire  . . .     SeeInvis .     i - +0 dagger
rCold  . . .     Gourm    +     a - +0 robe
rNeg   . . .     Faith    .     (no shield)
rPois  .         Spirit   +     (no helmet)
rElec  .         Reflect  .     (no cloak)
rCorr  .         Harm     .     (no gloves)
MR     .....                    (no boots)
Stlth  ++........               d - amulet of the gourmand
                                (no ring)
                                (no ring)

@: lethally poisoned (0 -> -6)
A: fangs 2, magic shield, antimagic bite, no device heal 3, rot immunity
a: no special abilities


You were on level 1 of the Dungeon.
You were hungry.

You visited 1 branch of the dungeon, and saw 2 of its levels.

You collected 61 gold pieces.

Inventory:

Hand Weapons
 i - a +0 dagger (weapon)
Armour
 a - a +0 robe (worn)
Jewellery
 d - an amulet of the gourmand (around neck)
Wands
 n - a wand of polymorph (22/24)
Scrolls
 e - a scroll of blinking {unknown}
 f - a scroll of magic mapping {unknown}
 h - a scroll of recharging {unknown}
 m - a scroll of enchant armour {unknown}
Potions
 g - a potion of mutation {unknown}
 j - a potion of agility {unknown}
 l - a potion of might {unknown}
Books
 b - a book of Necromancy

   Spells                             Type                      Level
   a - Pain                           Necromancy                   1
   b - Animate Skeleton               Necromancy                   1
   c - Vampiric Draining              Necromancy                   3
   d - Regeneration                   Charms/Necromancy            3
   e - Animate Dead                   Necromancy                   4
   f - Control Undead                 Necromancy                   4
Comestibles
 c - a bread ration
 k - a meat ration


   Skills:
 + Level 1.8 Dodging
 + Level 2.6 Stealth
 + Level 2.3 Spellcasting
 + Level 4.3 Necromancy


You had 3 spell levels left.
You knew the following spells:

 Your Spells              Type           Power        Failure   Level  Hunger
a - Pain                  Necr           ##..         4%          1    #......
b - Animate Skeleton      Necr           N/A          4%          1    #......


Dungeon Overview and Level Annotations

Branches:
Dungeon (2/15)

Altars:


Innate Abilities, Weirdness & Mutations

You have extremely sharp teeth.
When hurt, damage is shared between your health and your magic reserves.
Your bite disrupts and absorbs the magic of your enemies.
Potions and wands cannot restore your health.
You are immune to rotting.


Message History

The adder writhes in agony!
The adder barely misses you. The adder bites you.
Casting: Pain
Confirm with . or Enter, or press ? or * to list all spells.
Aiming: Pain
Press: ? - help, Shift-Dir - straight line, f/p - adder
Aim: an adder (moderately wounded, chance to defeat MR: 79%)
The adder barely resists.
The adder bites you.
* * * LOW HITPOINT WARNING * * *
You are lethally poisoned!
The adder poisons you!
* * * LOW HITPOINT WARNING * * *
You feel sick.
You see here a ring mail.
Casting: Pain
Confirm with . or Enter, or press ? or * to list all spells.
Aiming: Pain
Press: ? - help, Shift-Dir - straight line, f/p - adder
Aim: an adder (moderately wounded, chance to defeat MR: 79%)
The adder writhes in agony!
The adder bites you.
You die...

#.#.#..############
#.#....##.........#
#.#.##.##.####....# ######
#.#..#.##.# #....#
#....###.#..#....# #.....
#......#.#(.###..# ######
#....#.#.#..###..#######
#....#.#'#>............###
##'#.....@S......#####....
#.#.............#.<.#..##
#.#.......#######.(.##.##
#.+..........# #...##..#
###......###.# #...###.#
#.......##.# #...##...
###(....##.# #...##...
#.....##.# #...##...
#.######.# #...##...


You could see an adder.

Vanquished Creatures
  A gnoll (D:1)
  A dart slug (D:2)
  A giant cockroach (D:1)
  2 goblins (D:1)
  A bat (D:1)
  A rat (D:1)
7 creatures vanquished.

Notes
Turn   | Place    | Note
-------+----------+-------------------------------------------
     0 | D:1      | feito the Vine Stalker Necromancer began the quest for the Orb.
     0 | D:1      | Reached XP level 1. HP: 9/9 MP: 4/4
   711 | D:2      | Reached XP level 2. HP: 10/13 MP: 1/6
   718 | D:2      | Learned a level 1 spell: Animate Skeleton
  1188 | D:1      | Slain by an adder

Vault maps used:
D:1:      wheals_arrival_shading
D:2:      okawaru_gym_becter

Action                   || total
-------------------------++-------
Melee: Dagger            ||     4
 Cast: Pain              ||    20
Dodge: Dodged            ||    10
